 Dungeon Crawl Stone Soup version 0.21.1-1-g345015fe64 (webtiles) character file.

733 Kohma the Purveyor of Pain (level 7, 0/61 HPs)
             Began as a Hill Orc Necromancer on July 3, 2018.
             Was an Initiate of Kikubaaqudgha.
             Slain by a wight
             ... wielding a cursed +5 scimitar
              (10 damage)
             ... on level 6 of the Dungeon.
             The game lasted 00:22:51 (6085 turns).

Kohma the Purveyor of Pain (Hill Orc Necromancer)   Turns: 6085, Time: 00:22:52

Health: 0/61       AC:  8    Str: 11    XL:     7   Next: 74%
Magic:  7/11       EV: 10    Int: 17    God:    Kikubaaqudgha [......]
Gold:   270        SH:  0    Dex: 11    Spells: 2/12 levels left

rFire    . . .     SeeInvis .   y - +3 dagger (venom)
rCold    . . .     Gourm    .   (no shield)
rNeg     . . .     Faith    .   r - +0 ring mail
rPois    .         Spirit   .   m - +0 helmet
rElec    .         Reflect  .   (no cloak)
rCorr    .         Harm     .   A - +0 pair of gloves (curse)
MR       .....                  o - +0 pair of boots
Stlth    +.........             (no amulet)
HPRegen  0.20/turn              (no ring)
MPRegen  0.12/turn              (no ring)

@: no status effects
A: no striking features
a: Renounce Religion


You were on level 6 of the Dungeon.
You worshipped Kikubaaqudgha.
Kikubaaqudgha was noncommittal.
You were not hungry.

You visited 2 branches of the dungeon, and saw 7 of its levels.

You collected 270 gold pieces.

Inventory:

Hand Weapons
 s - a +0 blowgun
 y - a +3 dagger of venom (weapon)
Missiles
 u - 7 poisoned needles
Armour
 a - a +0 robe
 m - a +0 helmet (worn)
 o - a +0 pair of boots (worn)
 p - a +0 leather armour
 r - a +0 ring mail (worn)
 A - a cursed +0 pair of gloves (worn)
 B - a +0 buckler
Jewellery
 w - an uncursed amulet of faith {unknown}
 x - a cursed -3 ring of intelligence {unknown}
Wands
 i - a wand of iceblast (8)
 j - a wand of digging (5)
Scrolls
 e - 5 scrolls of remove curse
 f - 2 scrolls of magic mapping
 g - 3 scrolls of identify
 n - a scroll of fog
Potions
 h - 2 potions of curing {unknown}
 k - a potion of cancellation
 q - a potion of haste {unknown}
 t - 2 potions of agility {unknown}
 v - a potion of flight
 z - a potion of heal wounds
Books
 b - a book of Necromancy

   Spells                             Type                      Level
   a - Pain                           Necromancy                   1
   b - Animate Skeleton               Necromancy                   1
   c - Vampiric Draining              Necromancy                   3
   d - Regeneration                   Charms/Necromancy            3
   e - Animate Dead                   Necromancy                   4
   f - Borgnjor's Vile Clutch         Necromancy/Earth             5
 l - Acuuciewk's Reference Book on the Flamy Birds
   (You found it on level 4 of the Dungeon)

   Spells                             Type                      Level
   a - Flame Tongue                   Conjuration/Fire             1
   b - Swiftness                      Charms/Air                   2
   c - Mephitic Cloud                 Conjuration/Poison/Air       3
   d - Tornado                        Air                          9
Comestibles
 c - 4 rations
 d - a chunk of flesh


   Skills:
 + Level 5.5 Fighting
 + Level 2.6 Armour
 - Level 1.5 Dodging
 - Level 1.5 Stealth
 + Level 3.0 Spellcasting
 * Level 6.3 Necromancy
 * Level 1.3 Earth Magic


You had 2 spell levels left.
You knew the following spells:

 Your Spells              Type           Power        Failure   Level  Hunger
a - Pain                  Necr           ###.         3%          1    None
b - Animate Skeleton      Necr           N/A          3%          1    None
c - Vampiric Draining     Necr           ###.......   9%          3    ###....
d - Borgnjor's Vile Clut  Necr/Erth      ###.......   92%         5    ######.


Dungeon Overview and Level Annotations

Branches:
Dungeon (6/15)             Temple (1/1) D:4

Altars:
Ashenzari
Dithmenos
Elyvilon
Fedhas
Gozag
Kikubaaqudgha
Makhleb
Nemelex Xobeh
Okawaru
Qazlal
Ru
Trog
Uskayaw
Vehumet
Wu Jian
Zin

Shops:
D:4 [   D:6 [


Message History

g - 3 scrolls of identify (gained 1)
Found 3 scrolls of remove curse.
There are no items here.
You see here a buckler.
B - a buckler The wight barely misses you.
The wight barely misses you.
Found 10 bolts.
You see here 3 scrolls of remove curse.
e - 5 scrolls of remove curse (gained 3)
The wight hits you with an enchanted scimitar.
* * * LOW HITPOINT WARNING * * *
Found a silvery potion.
Your magical contamination has completely faded away.
Found a silvery potion.
You see here a silvery potion.
h - 2 silvery potions (gained 1)
The wight hits you with an enchanted scimitar!
You die...
Kikubaaqudgha rasps: "You have failed me!
Welcome... death!"

. ..#(# #. #.#.# #.
#.#.## ...#....#
....∩... #### #.
#..#...# ..#!#. #..##<#
#.#.#. #..##.#. #@..#.
##..#.... #######z###.#
#.....#..
.......z....####........
#######.####............
#.z....#.#......##
#..z........!...#
#######.........#
#.######### #.#


You could see 3 wights.

Vanquished Creatures
  An ogre (D:4)
  2 big kobolds (D:3)
  A scorpion (D:5)
  A howler monkey (D:4)
  2 crimson imps
  A bullfrog skeleton (D:4)
  A hound (D:4)
  An iguana (D:4)
  Natasha (thrice) (D:2)
  4 gnolls (D:4)
  4 adders
  2 worms (D:2)
  2 dart slugs
  5 leopard geckos
  5 orcs
  A ball python (D:3)
  8 giant cockroaches
  10 goblins
  5 hobgoblins
  15 kobolds
  2 quokkas
  5 bats
  6 frilled lizards
  6 rats
93 creatures vanquished.

Vanquished Creatures (collateral kills)
  A hound (D:4)
  A centaur skeleton (D:4)
  A howler monkey skeleton (D:4)
  3 orcs (D:4)
  A ball python (D:2)
  3 giant cockroaches
  3 goblins
  2 hobgoblins
  4 kobolds
  2 rats
21 creatures vanquished.

Grand Total: 114 creatures vanquished

Notes
Turn   | Place    | Note
-------+----------+-------------------------------------------
     0 | D:1      | Kohma the Hill Orc Necromancer began the quest for the Orb.
     0 | D:1      | Reached XP level 1. HP: 14/14 MP: 3/3
   241 | D:1      | Reached skill level 1 in Fighting
   241 | D:1      | Reached XP level 2. HP: 12/23 MP: 1/4
   522 | D:1      | Learned a level 1 spell: Animate Skeleton
  1026 | D:1      | Reached XP level 3. HP: 19/29 MP: 3/5
  1606 | D:2      | Noticed Natasha
  1613 | D:2      | Killed Natasha
  1613 | D:2      | Reached XP level 4. HP: 33/37 MP: 0/7
  1739 | D:2      | Noticed Natasha
  2006 | D:2      | Killed Natasha
  2301 | D:2      | Noticed Natasha
  2334 | D:2      | Killed Natasha
  2334 | D:2      | Reached skill level 5 in Necromancy
  2334 | D:2      | Reached XP level 5. HP: 6/45 MP: 0/8
  2692 | D:2      | Learned a level 3 spell: Vampiric Draining
  3787 | D:3      | Noticed a big kobold
  3808 | D:3      | Killed a big kobold
  3808 | D:3      | Reached skill level 1 in Armour
  3808 | D:3      | Reached XP level 6. HP: 28/52 MP: 1/9
  4404 | D:3      | Found a bloodstained altar of Trog.
  4845 | D:4      | Found a staircase to the Ecumenical Temple.
  4854 | Temple   | Entered the Ecumenical Temple
  5051 | Temple   | Became a worshipper of Kikubaaqudgha
  5201 | D:4      | Reached XP level 7. HP: 40/60 MP: 1/11
  5345 | D:4      | Reached skill level 5 in Fighting
  5435 | D:4      | Reached skill level 6 in Necromancy
  5494 | D:4      | Identified Acuuciewk's Reference Book on the Flamy Birds
  5503 | D:4      | Learned a level 5 spell: Borgnjor's Vile Clutch
  5513 | D:4      | Found Gupos's Antique Armour Boutique.
  5860 | D:5      | Entered Level 5 of the Dungeon
  5897 | D:5      | Reached skill level 1 in Earth Magic
  6061 | D:6      | Found Dugurr's Antique Armour Shop.
  6085 | D:6      | Slain by a wight

Skill      XL: |  1  2  3  4  5  6  7 |
---------------+----------------------+-----
Fighting       | 1 2 3 4 5 |  5.5
Spellcasting   | 2 3 |  3.0
Necromancy     | 5 6 |  6.3
Armour         | 1 2 |  2.6
Earth Magic    | 1 |  1.3
Dodging        | |  1.5
Stealth        | |  1.5

Action                   |  1- 3 |  4- 6 |  7- 9 || total
-------------------------+-------+-------+-------++-------
Melee: Club              |    32 |       |       ||    32
       Dagger            |    42 |    94 |    28 ||   164
 Cast: Pain              |    35 |   119 |    29 ||   183
       Animate Skeleton  |    11 |    24 |     6 ||    41
  Use: Scroll            |       |     7 |     1 ||     8
 Stab: Distracted        |     2 |     1 |       ||     3
  Eat: Chunk             |     3 |     7 |     2 ||    12
       Ration            |       |     2 |       ||     2
Armor: Robe              |    13 |    11 |       ||    24
       Ring mail         |       |    42 |    16 ||    58
Dodge: Dodged            |    56 |   102 |    23 ||   181
